 Dungeon Crawl Stone Soup version 0.23.2-1-ga50397a6bc (webtiles) character file.

Game seed: 13889770339985598918

3152 hanzu the Covert (level 9, -3/64 HPs)
             Began as an Octopode Assassin on May 20, 2019.
             Was an Initiate of Dithmenos.
             Slain by a komodo dragon (18 damage)
             ... on level 1 of the Lair of Beasts.
             The game lasted 00:41:54 (7453 turns).

hanzu the Covert (Octopode Assassin)                Turns: 7453, Time: 00:41:55

Health: -3/64      AC:  1    Str: 10    XL:     9   Next: 93%
Magic:  9/9        EV: 23    Int: 14    God:    Dithmenos [......]
Gold:   277        SH:  0    Dex: 21    Spells: 8/8 levels left

rFire    + . .     SeeInvis .   t - +2 dagger (venom)
rCold    . . .     Gourm    .   (no shield)
rNeg     . . .     Faith    .   (helmet restricted)
rPois    .         Spirit   .   (no amulet)
rElec    .         Reflect  .   q - ring of protection from fire
rCorr    .         Harm     .   G - ring of flight
MR       .....                  (no ring)
Stlth    +++++++...             (no ring)
HPRegen  0.20/turn              (no ring)
MPRegen  0.11/turn              (no ring)
                                (no ring)
                                (no ring)

@: agile
A: almost no armour, stealthy swim, amphibious, 8 rings, constrict 8, camouflage
1, gelatinous body 1
a: Renounce Religion, Evoke Flight


You were on level 1 of the Lair of Beasts.
You worshipped Dithmenos.
Dithmenos was noncommittal.
You were not hungry.

You visited 3 branches of the dungeon, and saw 10 of its levels.

You collected 407 gold pieces.
You spent 130 gold pieces at shops.

Inventory:

Hand Weapons
 a - a +2 dagger
 b - a +0 blowgun
 t - a +2 dagger of venom (weapon)
 w - a +3 flail of draining
 y - a +5 vampiric dagger
 E - a +1 dagger of draining
Missiles
 c - 33 poisoned needles
 d - 2 curare-tipped needles
 F - 4 needles of confusion
Armour
 x - a +1 leather armour of poison resistance
Jewellery
 q - a ring of protection from fire (left tentacle)
 G - a ring of flight (right tentacle)
Wands
 D - a wand of flame (26)
 H - a wand of polymorph (9)
Scrolls
 e - 12 scrolls of remove curse
 g - 2 scrolls of enchant armour {unknown}
 h - 3 scrolls of teleportation
 i - 9 scrolls of identify
 m - 3 scrolls of enchant weapon
 o - 2 scrolls of fog {unknown}
 p - 2 scrolls of fear {unknown}
 r - a scroll of blinking {unknown}
 s - 2 scrolls of amnesia {unknown}
 u - a scroll of magic mapping {unknown}
 C - a scroll of immolation {unknown}
Potions
 k - a potion of brilliance {unknown}
 l - a potion of might {unknown}
 n - a potion of lignification {unknown}
 v - a potion of curing
 z - a potion of heal wounds {unknown}
 A - 2 potions of mutation {unknown}
 B - 2 potions of flight {unknown}
Comestibles
 f - 4 rations


   Skills:
 + Level 7.5 Fighting
 + Level 7.5 Short Blades
 - Level 2.0 Throwing
 + Level 6.2 Dodging
 - Level 10.4 Stealth


You had 8 spell levels left.
You didn't know any spells.
Your spell library was empty.

Dungeon Overview and Level Annotations

Branches:
Dungeon (8/15)             Temple (1/1) D:7            Lair (1/6) D:8

Altars:
Ashenzari
Cheibriados
Dithmenos
Elyvilon
Fedhas
Gozag
Hepliaklqana
Kikubaaqudgha
Nemelex Xobeh
Okawaru
Qazlal
Ru
Sif Muna
Uskayaw
Vehumet
Wu Jian
Xom
Yredelemnul
Zin
The Shining One

Shops:
D:6 [   D:8 *


Innate Abilities, Weirdness & Mutations

You cannot wear most types of armour.
You are very stealthy in the water. (Stealth+)
You are amphibious.
You can wear up to eight rings at the same time.
You can use your tentacles to constrict eight enemies at once.
Your skin changes colour to match your surroundings (Stealth+).
Your rubbery body absorbs attacks. (AC +1, EV +1)


Message History

The komodo dragon completely misses you.
You hit the komodo dragon.
The komodo dragon looks as sick as possible!
The komodo dragon is severely wounded.
You hit the komodo dragon but do no damage.
The komodo dragon is severely wounded.
The komodo dragon bites you!
You barely miss the komodo dragon.
The komodo dragon is severely wounded.
You barely miss the komodo dragon.
The komodo dragon is severely wounded.
The komodo dragon barely misses you.
You hit the komodo dragon but do no damage.
The komodo dragon looks as sick as possible!
The komodo dragon is severely wounded.
The komodo dragon bites you!!
* * * LOW HITPOINT WARNING * * *
You feel agile all of a sudden. The komodo dragon bites you!!
You die...

## .# ..... .. ## . .... . ## ..
.#.##. .# #....#....... ##
....#... ...## .###.....#....#...
.##.... ...# #.P.# ### .......
#..# #@# l. .#...####.######l##
ll .#...........##..รท## .
.............#.#..P## .##
.............>.##..P### ####..###
...............##.....###.P......
..#P#.##.......##........Pl....P#
.#######.......##.....##.#####..#
##.## ###...#....^..##### .


You could see a komodo dragon.

Vanquished Creatures
  A manticore (D:8)
  A komodo dragon (D:8)
  A hippogriff (D:7)
  A wyvern (Lair:1)
  A hungry ghost (D:8)
  Eustachio (D:5)
  A steam dragon (D:7)
  Menkaure (D:7)
  Edmund (D:4)
  2 water moccasins (Lair:1)
  A porcupine (Lair:1)
  Duvessa (D:6)
  An ice beast (D:5)
  A necrophage (D:7)
  2 ogres
  A bullfrog (D:8)
  Dowan (D:6)
  A wyvern skeleton (D:6)
  A howler monkey (D:5)
  2 crimson imps
  2 centaur skeletons (D:4)
  3 hounds
  An orc priest (D:7)
  An iguana (Lair:1)
  2 orc wizards (D:8)
  A worker ant zombie (D:8)
  9 adders
  A howler monkey skeleton (D:4)
  2 shadow imps
  An ooze (D:7)
  2 adder skeletons
  6 worms
  2 dart slugs (D:1)
  5 leopard geckos
  18 orcs
  A bat skeleton (D:2)
  7 hobgoblins
  16 jackals
  2 quokkas
  2 ball pythons
  4 bats
  2 frilled lizards (D:1)
  A giant cockroach zombie (D:2)
  10 goblins
  A jackal skeleton (D:2)
  A jackal zombie (D:7)
  6 kobolds
  A leopard gecko skeleton (D:2)
  7 rats
140 creatures vanquished.

Vanquished Creatures (others)
  2 plants (D:8)
2 creatures vanquished.

Grand Total: 142 creatures vanquished

Notes
Turn   | Place    | Note
-------+----------+-------------------------------------------
     0 | D:1      | hanzu the Octopode Assassin began the quest for the Orb.
     0 | D:1      | Reached XP level 1. HP: 14/14 MP: 1/1
    70 | D:1      | Reached XP level 2. HP: 19/19 MP: 2/2
   186 | D:1      | Reached skill level 6 in Stealth
   273 | D:1      | Reached XP level 3. HP: 22/25 MP: 3/3
   997 | D:2      | Reached XP level 4. HP: 28/30 MP: 4/4
  1475 | D:3      | Reached skill level 7 in Stealth
  1551 | D:3      | Found a faded altar of an unknown god.
  1578 | D:3      | Reached XP level 5. HP: 31/36 MP: 5/5
  2035 | D:4      | Reached skill level 8 in Stealth
  2442 | D:4      | Noticed Edmund
  2563 | D:4      | Reached XP level 6. HP: 40/42 MP: 6/6
  2982 | D:4      | Found a glowing golden altar of the Shining One.
  3111 | D:4      | Killed Edmund
  3308 | D:5      | Entered Level 5 of the Dungeon
  3308 | D:5      | Noticed Eustachio
  3313 | D:5      | Noticed an ice beast
  3555 | D:5      | Killed Eustachio
  3555 | D:5      | Reached XP level 7. HP: 49/49 MP: 7/7
  3724 | D:5      | Found a stormy altar of Qazlal.
  4099 | D:6      | Reached skill level 5 in Fighting
  4099 | D:6      | Reached skill level 5 in Short Blades
  4224 | D:6      | Noticed Dowan
  4225 | D:6      | Noticed Duvessa
  4364 | D:6      | Killed Duvessa
  4364 | D:6      | Reached skill level 9 in Stealth
  4364 | D:6      | Reached XP level 8. HP: 55/56 MP: 8/8
  4370 | D:6      | Killed Dowan
  4404 | D:6      | Found Jattich's Armour Emporium.
  4569 | D:7      | Noticed Menkaure
  4841 | D:7      | Killed Menkaure
  5378 | D:7      | Reached skill level 10 in Stealth
  5386 | D:7      | Found a staircase to the Ecumenical Temple.
  5395 | Temple   | Entered the Ecumenical Temple
  5493 | Temple   | Became a worshipper of Dithmenos the Shadowed
  5589 | D:7      | Noticed a hippogriff
  5661 | D:7      | Killed a hippogriff
  5661 | D:7      | Reached XP level 9. HP: 10/62 MP: 9/9
  5898 | D:8      | Found Uwiwn's Assorted Antiques.
  6533 | D:8      | Found a flagged portal.
  6568 | D:8      | Bought a notched emerald ring for 130 gold pieces
  6639 | D:8      | Found a staircase to the Lair.
  6640 | D:8      | Noticed a komodo dragon
  6646 | D:8      | Noticed a manticore
  6653 | D:8      | Killed a manticore
  6653 | D:8      | Reached skill level 5 in Dodging
  6792 | D:8      | Killed a komodo dragon
  6912 | Lair:1   | Entered Level 1 of the Lair of Beasts
  7418 | Lair:1   | Noticed a komodo dragon
  7453 | Lair:1   | Slain by a komodo dragon

Skill      XL: |  1  2  3  4  5  6  7  8  9 |
---------------+----------------------------+-----
Stealth        | 6 7 8 9 10 | 10.4
Fighting       | 3 4 5 6 7 |  7.5
Short Blades   | 3 4 5 6 7 |  7.5
Dodging        | 6 |  6.2
Throwing       | |  2.0

Action                   |  1- 3 |  4- 6 |  7- 9 || total
-------------------------+-------+-------+-------++-------
Melee: Dagger            |    60 |   135 |   234 ||   429
       Constrict         |    13 |    32 |    32 ||    77
       Tentacles         |     8 |    31 |    55 ||    94
 Fire: Blowgun           |     1 |     3 |     4 ||     8
  Use: Scroll            |     1 |     2 |       ||     3
       Potion            |       |       |     6 ||     6
 Stab: Sleeping          |    11 |    12 |     9 ||    32
       Distracted        |     2 |     2 |     1 ||     5
  Eat: Ration            |       |     3 |     6 ||     9
Armor: Skin              |     3 |     9 |    11 ||    23
Dodge: Dodged            |    24 |    70 |    92 ||   186
